 Dungeon Crawl Stone Soup version 0.21.2 (webtiles) character file.

2 glosham the Skirmisher (level 1, -1/18 HPs)
             Began as a Formicid Berserker on Dec 18, 2018.
             Was a Follower of Trog.
             Slain by an ice beast (13 damage)
             ... on level 8 of the Dungeon.
             The game lasted 00:05:53 (197 turns).

glosham the Skirmisher (Formicid Berserker)          Turns: 197, Time: 00:05:54

Health: -1/18      AC:  2    Str: 21    XL:     1   Next: 33%
Magic:  1/1        EV: 12    Int:  6    God:    Trog [*.....]
Gold:   0          SH:  0    Dex: 10    Spells: 0/0 levels left

rFire    . . .     SeeInvis +   a - +0 hand axe
rCold    . . .     Gourm    .   (no shield)
rNeg     . . .     Faith    .   b - +0 animal skin
rPois    .         Spirit   .   (helmet unavailable)
rElec    .         Reflect  .   (no cloak)
rCorr    .         Harm     .   (no gloves)
MR       .....                  (no boots)
Stlth    +.........             (no amulet)
HPRegen  0.06/turn              (no ring)
MPRegen  0.07/turn              (no ring)

@: no status effects
A: permanent stasis, dig shafts and tunnels, four strong arms, antennae 3
a: Dig, Shaft Self, Burn Spellbooks, Renounce Religion


You were on level 8 of the Dungeon.
You worshipped Trog.
Trog was aware of your devotion.
You were not hungry.

You visited 1 branch of the dungeon, and saw 7 of its levels.

Inventory:

Hand Weapons
 a - a +0 hand axe (weapon)
Missiles
 e - 44 stones (quivered)
Armour
 b - a +0 animal skin (worn)
Wands
 d - a wand of enslavement (12)
Scrolls
 f - a scroll of random uselessness {unknown}
Comestibles
 c - 2 rations


   Skills:
 - Level 3.2 Fighting
 * Level 3.1 Axes
 - Level 2.1 Armour
 - Level 1.7 Dodging


You couldn't memorise any spells.
You didn't know any spells.

Dungeon Overview and Level Annotations

Branches:
Dungeon (10/15)
 Temple: D:4-7         Lair: D:8-11         Orc: D:9-12

Altars:


Innate Abilities, Weirdness & Mutations

You cannot be hasted, slowed, berserked, paralysed or teleported.
You can dig through walls and to a lower floor.
Your four strong arms can wield two-handed weapons with a shield.
You have a pair of large antennae on your head. (SInv)


Message History

You kill the giant cockroach!
Trog accepts your kill.
You see here a scroll labeled ASO JOUXONG.
f - a scroll labeled ASO JOUXONG You see here a ration.
c - 2 rations (gained 1)
An ice beast comes into view.
Evoke which item? (* to show all) (? for menu, Esc to quit)
Aiming: Enslavement
Press: ? - help, Shift-Dir - straight line, f - ice beast
Aim: an ice beast (chance to defeat MR: 46%)
The ice beast resists with some effort.
Evoke which item? (* to show all) (? for menu, Esc to quit)
Aiming: Enslavement
Press: ? - help, Shift-Dir - straight line, f/p - ice beast
Aim: an ice beast (chance to defeat MR: 46%)
The ice beast resists with some effort.
Evoke which item? (* to show all) (? for menu, Esc to quit)
Aiming: Enslavement
Press: ? - help, Shift-Dir - straight line, f/p - ice beast
Aim: an ice beast (chance to defeat MR: 46%)
The ice beast resists with some effort.
Evoke which item? (* to show all) (? for menu, Esc to quit)
Aiming: Enslavement
Press: ? - help, Shift-Dir - straight line, f/p - ice beast
Aim: an ice beast (chance to defeat MR: 46%)
The ice beast resists with some effort.
Evoke which item? (* to show all) (? for menu, Esc to quit)
Aiming: Enslavement
Press: ? - help, Shift-Dir - straight line, f/p - ice beast
Aim: an ice beast (chance to defeat MR: 46%)
The ice beast resists with some effort.
Evoke which item? (* to show all) (? for menu, Esc to quit)
Aiming: Enslavement
Press: ? - help, Shift-Dir - straight line, f/p - ice beast
Aim: an ice beast (chance to defeat MR: 46%)
The ice beast resists with some effort.
The ice beast hits you. The ice beast freezes you!
Ouch! That really hurt!
You die...

......### #..# #......##
#... # #......####... #.
##........#... ##..
##..........# ##...#
###..........#
#.....#####............#
...............>.......#
......Y@...............#
..........#####........#
........### #####.....
......### ...... .....#
...#### ....# ..## ....
.# ...


You could see an ice beast.

Vanquished Creatures
  A giant cockroach (D:8)
  A rat (D:3)
2 creatures vanquished.

Notes
Turn   | Place    | Note
-------+----------+-------------------------------------------
     0 | D:1      | glosham the Formicid Berserker began the quest for the Orb.
     0 | D:1      | Reached XP level 1. HP: 18/18 MP: 1/1
     3 | D:1      | You fall through a shaft!
    42 | D:3      | You fall through a shaft for 3 floors!
    45 | D:6      | You fall through a shaft for 3 floors!
    68 | D:9      | Noticed a centaur
    74 | D:9      | You fall through a shaft!
    74 | D:10     | Entered Level 10 of the Dungeon
   155 | D:10     | Noticed a howler monkey
   155 | D:10     | Noticed a howler monkey
   191 | D:8      | Noticed an ice beast
   197 | D:8      | Slain by an ice beast

Action                   || total
-------------------------++-------
Melee: Hand axe          ||    13
 Abil: Shaft Self        ||     4
       Dig               ||     1
Evoke: Wand              ||     6
  Use: Scroll            ||     3
Armor: Animal skin       ||     2
Dodge: Dodged            ||    12

Table legend:
 A = Turns spent in this place as a percentage of turns spent in the entire game.
 B = Non-inter-level travel turns spent in this place as a percentage of non-inter-level travel turns spent in the entire game.
 C = Inter-level travel turns spent in this place as a percentage of turns spent in this place.
 D = Turns resting spent in this place as a percentage of non-inter-level travel turns spent in this place.
 E = Turns spent auto-exploring this place as a percentage of non-inter-level travel turns spent in this place.
 F = Non-inter-level travel turns spent in this place divided by the number of levels of this place that you've seen.
                   A       B       C       D       E      F
               +-------+-------+-------+-------+-------+----------------------
         Total | 100.0 | 100.0 |   0.0 |   6.1 |   0.0 |  28.1
       Dungeon | 100.0 | 100.0 |   0.0 |   6.1 |   0.0 |  28.1
               +-------+-------+-------+-------+-------+----------------------

Table legend:
 A = Kills in this place as a percentage of kills in entire the game.
 B = Kills by you in this place as a percentage of kills by you in the entire game.
 C = Kills by friends in this place as a percentage of kills by friends in the entire game.
 D = Other kills in this place as a percentage of other kills in the entire game.
 E = Experience gained in this place as a percentage of experience gained in the entire game.
 F = Experience gained in this place divided by the number of levels of this place that you have seen.
                   A       B       C       D       E      F
               +-------+-------+-------+-------+-------+----------------------
         Total | 100.0 | 100.0 |   N/A |   N/A | 100.0 |   0.4
       Dungeon | 100.0 | 100.0 |   N/A |   N/A | 100.0 |   0.4
               +-------+-------+-------+-------+-------+----------------------

Vault maps used:
D:1:      saegor_arrival_simple_d
D:2:      xom_teletrap_fun, first_ration,
          nicolae_dithmenos_through_a_glass_darkly
D:3:      nicolae_gozag_cash_rules_everything_around_me, grunt_ministairs_3,
          uniq_terence
D:6:      lemuel_crystal_altar, serial_shops, shop
D:8:      uniq_joseph
D:9:      trog_ov_bears_minmay, amethyst_overflow_temple_binary,
          hangedman_little_slice_of_home
D:10:     kennysheep_orc_monster_closet_entryway, serial_shops, shop
